AA
FREDERICK STARS @ OKLAHOMA CITY 89'ERS
05/23/2060
 
TOP OF THE 1ST
Frederick Stars batting - Pitching for Oklahoma City 89'ers : RHP Kody Wood
Pitching: RHP Kody Wood
Batting: RHB Mitchell Metz 0-0: Foul Ball, location: 2F
0-1: Called Strike
0-2: Foul Ball, location: 2F
0-2: Foul Ball, location: 2F
0-2: Ball
1-2: Foul Ball, location: 2F
1-2: Foul Ball, location: 2F
1-2: Foul Ball, location: 2F
1-2: Ball
2-2: SINGLE (Line Drive, 9S, EV 95.0 MPH)
Batting: LHB Brad Moore 0-0: Called Strike
0-1: SINGLE (Groundball, 4MS, EV 72.5 MPH) (infield hit)
Mitchell Metz to second
Batting: RHB Isaiah Peterson 0-0: Ball
1-0: Swinging Strike
1-1: Swinging Strike
1-2: Foul Ball, location: 2F
1-2: Foul Ball, location: 2F
1-2: Fly out, F8 (Flyball, 8RD, EV 93.1 MPH)
Batting: RHB Dalton Seaton 0-0: Foul Ball, location: 2F
0-1: Foul Ball, location: 2F
0-2: Ball
1-2: Ball
2-2: Ball
3-2: Strikes out swinging
Batting: RHB Furman Mendoza 0-0: Ball
1-0: Fly out, F8 (Flyball, 8LS, EV 88.1 MPH)
Top of the 1st over - 0 runs, 2 hits, 0 errors, 2 left on base; Frederick 0 - Oklahoma City 0
BOTTOM OF THE 1ST
Oklahoma City 89'ers batting - Pitching for Frederick Stars : RHP Frank Shell
Pitching: RHP Frank Shell
Batting: RHB Tyson Axtell 0-0: Called Strike
0-1: Fly out, F8 (Flyball, 8RD, EV 76.9 MPH)
Batting: RHB Christopher Rasmussen 0-0: Ball
1-0: Ball
2-0: Foul Ball, location: 2F
2-1: Called Strike
2-2: Ball
3-2: Base on Balls
Batting: LHB Adrien Davis 0-0: Called Strike
0-1: Ball
Christopher Rasmussen is caught stealing 2nd base 2-6
1-1: Fly out, F7 (Line Drive, 7S, EV 100.0 MPH)
Bottom of the 1st over - 0 runs, 0 hits, 0 errors, 0 left on base; Frederick 0 - Oklahoma City 0
TOP OF THE 2ND
Frederick Stars batting - Pitching for Oklahoma City 89'ers : RHP Kody Wood
Batting: RHB Abraham Koziarz 0-0: Ball
1-0: Ground out 4-3 (Groundball, 4, EV 98.8 MPH)
Batting: LHB Harrison Ruto 0-0: Ball
1-0: Called Strike
1-1: Ball
2-1: Called Strike
2-2: Strikes out swinging
Batting: RHB Carston Abidugun 0-0: SINGLE (Groundball, 6D, EV 100.0 MPH)
Batting: SHB Lane Nixon 0-0: Called Strike
0-1: Fly out, F7 (Flyball, 78S, EV 79.4 MPH)
Top of the 2nd over - 0 runs, 1 hit, 0 errors, 1 left on base; Frederick 0 - Oklahoma City 0
BOTTOM OF THE 2ND
Oklahoma City 89'ers batting - Pitching for Frederick Stars : RHP Frank Shell
Batting: RHB Joseph Skehan 0-0: Ball
1-0: Ball
2-0: Called Strike
2-1: Foul Ball, location: 2F
2-2: Ball
3-2: SINGLE (Flyball, 7LS, EV 91.2 MPH)
Batting: RHB Logan Michalski 0-0: Ball
1-0: Fielders Choice at 2nd, 5-4 (Groundball, 56, EV 80.6 MPH)
Batting: LHB Alvan Goldsmith 0-0: Ball
Wild Pitch!
Logan Michalski to second
1-0: Ball
2-0: Called Strike
2-1: Foul Ball, location: 2F
2-2: Foul Ball, location: 2F
2-2: Strikes out swinging
Batting: RHB Shannon Cox 0-0: Ball
1-0: Foul Ball, location: 2F
1-1: Foul Ball, location: 2F
1-2: Ball
2-2: Ball
3-2: Foul Ball, location: 2F
3-2: Base on Balls
Batting: RHB Mason Eubanks 0-0: Fly out, F7 (Flyball, 7, EV 83.8 MPH)
Bottom of the 2nd over - 0 runs, 1 hit, 0 errors, 2 left on base; Frederick 0 - Oklahoma City 0
TOP OF THE 3RD
Frederick Stars batting - Pitching for Oklahoma City 89'ers : RHP Kody Wood
Batting: RHB Mitchell Metz 0-0: Ball
1-0: Foul Ball, location: 2F
1-1: Foul Ball, location: 2F
1-2: Strikes out looking
Batting: LHB Brad Moore 0-0: Called Strike
0-1: Ground out 1-3 (Groundball, 13S, EV 68.8 MPH)
Batting: RHB Isaiah Peterson 0-0: Ball
1-0: Foul Ball, location: 2F
1-1: Fly out, F9 (Flyball, 9, EV 87.5 MPH)
Top of the 3rd over - 0 runs, 0 hits, 0 errors, 0 left on base; Frederick 0 - Oklahoma City 0
BOTTOM OF THE 3RD
Oklahoma City 89'ers batting - Pitching for Frederick Stars : RHP Frank Shell
Batting: RHB Roger D'Andrea 0-0: Called Strike
0-1: Called Strike
0-2: Ball
1-2: Foul Ball, location: 2F
1-2: Fly out, F9 (Flyball, 9S, EV 95.6 MPH)
Batting: RHB Tyson Axtell 0-0: Called Strike
0-1: Foul Ball, location: 2F
0-2: Fly out, F8 (Flyball, 8RXD, EV 93.1 MPH)
Batting: RHB Christopher Rasmussen 0-0: SINGLE (Groundball, 56D, EV 97.5 MPH)
Batting: LHB Adrien Davis 0-0: Called Strike
Christopher Rasmussen steals 2nd base
0-1: Swinging Strike
0-2: Fly out, F4 (Popup, 4, EV 58.1 MPH)
Bottom of the 3rd over - 0 runs, 1 hit, 0 errors, 1 left on base; Frederick 0 - Oklahoma City 0
TOP OF THE 4TH
Frederick Stars batting - Pitching for Oklahoma City 89'ers : RHP Kody Wood
Batting: RHB Dalton Seaton 0-0: Ball
1-0: Ground out U3 (Groundball, 34, EV 81.9 MPH)
Batting: RHB Furman Mendoza 0-0: Called Strike
0-1: Ball
1-1: Called Strike
1-2: Ball
2-2: SINGLE (Groundball, 56D, EV 102.5 MPH)
Batting: RHB Abraham Koziarz 0-0: Called Strike
0-1: Ball
1-1: Ball
2-1: Ball
3-1: Swinging Strike
3-2: Foul Ball, location: 2F
3-2: Strikes out swinging
Batting: LHB Harrison Ruto 0-0: Ball
1-0: Swinging Strike
1-1: Ball
2-1: Ball
3-1: Ground out 3-1 (Groundball, 34S, EV 83.8 MPH)
Top of the 4th over - 0 runs, 1 hit, 0 errors, 1 left on base; Frederick 0 - Oklahoma City 0
BOTTOM OF THE 4TH
Oklahoma City 89'ers batting - Pitching for Frederick Stars : RHP Frank Shell
Batting: RHB Joseph Skehan 0-0: Ball
1-0: Ball
2-0: Called Strike
2-1: Foul Ball, location: 2F
2-2: Strikes out swinging
Batting: RHB Logan Michalski 0-0: Called Strike
0-1: Fly out, F9 (Flyball, 89S, EV 86.2 MPH)
Batting: LHB Alvan Goldsmith 0-0: Ground out U3 (Groundball, 23, EV 91.2 MPH)
Bottom of the 4th over - 0 runs, 0 hits, 0 errors, 0 left on base; Frederick 0 - Oklahoma City 0
TOP OF THE 5TH
Frederick Stars batting - Pitching for Oklahoma City 89'ers : RHP Kody Wood
Batting: RHB Carston Abidugun 0-0: Ball
1-0: SINGLE (Line Drive, 4D, EV 95.6 MPH)
Batting: SHB Lane Nixon 0-0: Bunted foul
0-1: Sac Bunt to 23 - play at first, batter OUT! 3-4
Carston Abidugun to second
Batting: RHB Mitchell Metz 0-0: Foul Ball, location: 2F
0-1: Called Strike
0-2: Ball
1-2: Fly out, F7 (Flyball, 7D, EV 85.0 MPH)
Batting: LHB Brad Moore 0-0: Called Strike
0-1: Called Strike
0-2: Ball
1-2: Strikes out swinging
Top of the 5th over - 0 runs, 1 hit, 0 errors, 1 left on base; Frederick 0 - Oklahoma City 0
BOTTOM OF THE 5TH
Oklahoma City 89'ers batting - Pitching for Frederick Stars : RHP Frank Shell
Batting: RHB Shannon Cox 0-0: Ball
1-0: Ball
2-0: Called Strike
2-1: SINGLE (Groundball, 4MD, EV 97.5 MPH)
Batting: RHB Mason Eubanks 0-0: Called Strike
0-1: Bunted foul
0-2: Foul Ball, location: 2F
0-2: Ball
1-2: Fly out, F8 (Flyball, 89M, EV 98.1 MPH)
Batting: RHB Roger D'Andrea 0-0: Ball
1-0: Called Strike
Shannon Cox steals 2nd base
1-1: SINGLE (Line Drive, 9S, EV 89.4 MPH)
Shannon Cox to third
Runner from 3rd tries for Home, SAFE, throw by RF to home
Batting: RHB Tyson Axtell 0-0: Called Strike
0-1: Ball
Roger D'Andrea is caught stealing 2nd base 2-4
1-1: Ball
2-1: Swinging Strike
2-2: SINGLE (Flyball, 78S, EV 88.1 MPH)
Batting: RHB Christopher Rasmussen 0-0: Ground out 1-3 (Groundball, 15S, EV 74.4 MPH)
Bottom of the 5th over - 1 run, 3 hits, 0 errors, 1 left on base; Frederick 0 - Oklahoma City 1
TOP OF THE 6TH
Frederick Stars batting - Pitching for Oklahoma City 89'ers : RHP Kody Wood
Batting: RHB Isaiah Peterson 0-0: Called Strike
0-1: Ball
1-1: Swinging Strike
1-2: Strikes out swinging
Batting: RHB Dalton Seaton 0-0: Ball
1-0: Called Strike
1-1: Foul Ball, location: 2F
1-2: Ball
2-2: Foul Ball, location: 2F
2-2: Ball
3-2: Foul Ball, location: 2F
3-2: Fly out, F9 (Flyball, 89S, EV 86.9 MPH)
Batting: RHB Furman Mendoza 0-0: Ball
1-0: Called Strike
1-1: Ball
2-1: Foul Ball, location: 2F
2-2: Fly out, F7 (Flyball, 7, EV 86.2 MPH)
Top of the 6th over - 0 runs, 0 hits, 0 errors, 0 left on base; Frederick 0 - Oklahoma City 1
BOTTOM OF THE 6TH
Oklahoma City 89'ers batting - Pitching for Frederick Stars : RHP Frank Shell
Batting: LHB Adrien Davis 0-0: Swinging Strike
0-1: Ball
1-1: Foul Ball, location: 2F
1-2: Ball
2-2: Ball
3-2: Strikes out looking
Batting: RHB Joseph Skehan 0-0: Ball
1-0: Foul Ball, location: 2F
1-1: Foul Ball, location: 2F
1-2: SINGLE (Flyball, 6MD, EV 82.5 MPH)
Batting: RHB Logan Michalski 0-0: Ball
1-0: Called Strike
Joseph Skehan steals 2nd base
1-1: Ball
2-1: DOUBLE (Line Drive, 9LD, EV 103.8 MPH)
Joseph Skehan scores
Batting: LHB Alvan Goldsmith 0-0: SINGLE (Flyball, 9, EV 91.9 MPH)
Logan Michalski to third
Batting: RHB Shannon Cox 0-0: Called Strike
0-1: Foul Ball, location: 2F
0-2: Foul Ball, location: 2F
0-2: Strikes out looking
Pitching: RHP Chase Tucker
Batting: RHB Mason Eubanks 0-0: Ball
1-0: Ball
2-0: Ball
3-0: Called Strike
3-1: Swinging Strike
3-2: Strikes out swinging
Bottom of the 6th over - 1 run, 3 hits, 0 errors, 2 left on base; Frederick 0 - Oklahoma City 2
TOP OF THE 7TH
Frederick Stars batting - Pitching for Oklahoma City 89'ers : RHP Kody Wood
Pitching: RHP Kaleb Guth
Batting: RHB Abraham Koziarz 0-0: Ball
1-0: Ball
2-0: Ball
3-0: Base on Balls
Batting: LHB Harrison Ruto 0-0: Ball
Abraham Koziarz steals 2nd base
1-0: Called Strike
1-1: Fly out, F4 (Popup, 4MD, EV 57.5 MPH)
Batting: RHB Carston Abidugun 0-0: Ground out 4-3 (Groundball, 4M, EV 103.8 MPH)
Abraham Koziarz to third
Batting: SHB Lane Nixon 0-0: Fly out, F8 (Flyball, 8RM, EV 93.8 MPH)
Top of the 7th over - 0 runs, 0 hits, 0 errors, 1 left on base; Frederick 0 - Oklahoma City 2
BOTTOM OF THE 7TH
Oklahoma City 89'ers batting - Pitching for Frederick Stars : RHP Chase Tucker
Batting: RHB Roger D'Andrea 0-0: Ball
1-0: Called Strike
1-1: Swinging Strike
1-2: Ball
2-2: Foul Ball, location: 2F
2-2: Foul Ball, location: 2F
2-2: Ball
3-2: Ground out U3 (Groundball, 3, EV 105.0 MPH)
Batting: RHB Tyson Axtell 0-0: Called Strike
0-1: Swinging Strike
0-2: Strikes out swinging
Batting: RHB Christopher Rasmussen 0-0: Ball
1-0: Swinging Strike
1-1: Foul Ball, location: 2F
1-2: Strikes out looking
Bottom of the 7th over - 0 runs, 0 hits, 0 errors, 0 left on base; Frederick 0 - Oklahoma City 2
TOP OF THE 8TH
Frederick Stars batting - Pitching for Oklahoma City 89'ers : RHP Kaleb Guth
Now at 2B: Sage Reinisch
Now at 3B: Christopher Rasmussen
Now in CF: Shannon Cox
Now in RF: Logan Michalski
Batting: RHB Mitchell Metz 0-0: Called Strike
0-1: Called Strike
0-2: Ball
1-2: Ball
2-2: Foul Ball, location: 2F
2-2: Fly out, F2 (Popup, 15S, EV 84.4 MPH)
Pitching: LHP Larent Nielson
Now at 2B: J.R. Foley
Now at SS: Sage Reinisch
Batting: RHB Jay Atwood 0-0: Ball
1-0: Foul Ball, location: 2F
1-1: Foul Ball, location: 2F
1-2: Ground out 1-3 (Groundball, 15S, EV 66.9 MPH)
Pitching: LHP Derek Anderson
Batting: RHB Isaiah Peterson 0-0: Ball
1-0: Ball
2-0: Ball
3-0: Swinging Strike
3-1: Called Strike
3-2: SINGLE (Groundball, 34D, EV 101.2 MPH)
Batting: RHB Dalton Seaton 0-0: Ball
1-0: Ball
2-0: Called Strike
2-1: Foul Ball, location: 2F
2-2: Strikes out swinging
Top of the 8th over - 0 runs, 1 hit, 0 errors, 1 left on base; Frederick 0 - Oklahoma City 2
BOTTOM OF THE 8TH
Oklahoma City 89'ers batting - Pitching for Frederick Stars : RHP Chase Tucker
Batting: LHB Adrien Davis 0-0: Swinging Strike
0-1: Fly out, F8 (Flyball, 89M, EV 88.1 MPH)
Batting: RHB Joseph Skehan 0-0: Called Strike
0-1: Swinging Strike
0-2: Ball
1-2: Strikes out looking
Batting: RHB Logan Michalski 0-0: Called Strike
0-1: Ball
1-1: Ball
2-1: SINGLE (Line Drive, 9S, EV 111.9 MPH)
Batting: LHB Alvan Goldsmith 0-0: Foul Ball, location: 2F
0-1: Foul Ball, location: 2F
0-2: Ball
1-2: Ball
2-2: Fly out, F7 (Flyball, 7S, EV 90.6 MPH)
Bottom of the 8th over - 0 runs, 1 hit, 0 errors, 1 left on base; Frederick 0 - Oklahoma City 2
TOP OF THE 9TH
Frederick Stars batting - Pitching for Oklahoma City 89'ers : LHP Derek Anderson
Pitching: RHP Levi Stiefel
Now in LF: Mitchell Bryant
Batting: RHB Furman Mendoza 0-0: Foul Ball, location: 2F
0-1: Swinging Strike
0-2: Strikes out looking
Pinch Hitting: LHB Steven Widerman 0-0: Swinging Strike
0-1: Ball
1-1: Ball
2-1: Foul Ball, location: 2F
2-2: Foul Ball, location: 2F
2-2: Ground out 6-3 (Groundball, 6MD, EV 83.8 MPH)
Batting: LHB Harrison Ruto 0-0: Called Strike
0-1: Ball
1-1: Called Strike
1-2: Foul Ball, location: 2F
1-2: Ground out 4-3 (Groundball, 4, EV 93.1 MPH)
Top of the 9th over - 0 runs, 0 hits, 0 errors, 0 left on base; Frederick 0 - Oklahoma City 2
Wednesday, May 1st , 2024 - OOTP Baseball 23.10 Build 110